 Dungeon Crawl Stone Soup version 0.22-a0-359-g5e80d7e (webtiles) character file.

16277 CanOfBees the Grappler (level 12, -7/126 HPs)
             Began as a Troll Berserker on Apr 18, 2018.
             Was a High Priest of Trog.
             Mangled by a komodo dragon (23 damage)
             ... on level 2 of the Lair of Beasts on Apr 19, 2018.
             The game lasted 00:30:28 (12229 turns).

CanOfBees the Grappler (Troll Berserker)           Turns: 12229, Time: 00:30:28

Health: -7/126     AC:  8    Str: 30    XL:     12   Next: 8%
Magic:  14/14      EV: 12    Int:  5    God:    Trog [*****.]
Gold:   265        SH:  0    Dex:  9    Spells: 11/11 levels left

rFire    . . .     SeeInvis .     - Unarmed
rCold    . . .     Gourm    +   (no shield)
rNeg     . . .     Faith    +   z - +0 robe {MR+}
rPois    .         Spirit   .   (helmet restricted)
rElec    .         Reflect  .   w - +2 cloak
rCorr    .         Harm     .   (gloves unavailable)
MR       +....                  (boots unavailable)
Stlth    ++........             J - amulet of faith
HPRegen  0.71/turn              o - ring of stealth
MPRegen  0.14/turn              (no ring)

@: no status effects
A: large, unfitting armour, claws 3, fast metabolism 3, gourmand, regeneration
1, shaggy fur 1, tough skin 2
a: Berserk, Trog's Hand, Brothers in Arms, Renounce Religion


You were on level 2 of the Lair of Beasts.
You worshipped Trog.
Trog was extremely pleased with you.
You were very full.

You visited 2 branches of the dungeon, and saw 13 of its levels.
You also visited: Sewer.

You collected 617 gold pieces.
You spent 352 gold pieces at shops.

Inventory:

Hand Weapons
 e - a +1 dire flail of protection
 n - a +0 hunting sling
 q - a +0 blowgun
 C - a +2 flail of holy wrath
 O - a +0 arbalest of flaming
 U - a +2 great mace of draining
Missiles
 a - 5 poisoned javelins
 d - 28 poisoned needles
 v - 59 sling bullets
 G - 3 javelins
 W - 2 tomahawks (quivered)
Armour
 w - a +2 cloak (worn)
 y - a scarf of cloud immunity
 z - a +0 robe of magic resistance (worn)
Jewellery
 o - a ring of stealth (left claw)
 B - the amulet "Noed Ina" {RegenMP MR+ Str-5 Dex+8}
   (You took it off an orc priest on level 5 of the Dungeon)

   [amulet of magic regeneration]

   It increases your magic regeneration.
   It affects your strength (-5).
   It affects your dexterity (+8).
   It affects your resistance to hostile enchantments.
 J - an amulet of faith (around neck)
Wands
 H - a wand of acid (2)
 I - a wand of enslavement (30)
 T - a wand of disintegration (20)
 X - a wand of paralysis (10)
Scrolls
 c - 3 scrolls of enchant weapon
 h - 2 scrolls of identify
 i - 2 scrolls of fog
 k - 7 scrolls of teleportation
 l - 6 scrolls of remove curse
 m - 2 scrolls of magic mapping
 p - a scroll of blinking
 s - a scroll of brand weapon {unknown}
 t - a scroll of torment {unknown}
 D - 4 scrolls of immolation
 P - a scroll of summoning
Potions
 f - 3 potions of heal wounds
 g - 6 potions of flight
 j - a potion of magic {unknown}
 u - a potion of brilliance {unknown}
 A - 6 potions of curing
 E - a potion of degeneration {unknown}
 F - a potion of cancellation {unknown}
 K - a potion of berserk rage {unknown}
 L - 2 potions of mutation {unknown}
 M - 2 potions of might
 N - a potion of haste
 Q - a potion of ambrosia
 V - a potion of lignification {unknown}
Miscellaneous
 r - a sack of spiders
 R - a fan of gales
Comestibles
 b - 25 rations


   Skills:
 * Level 10.1 Fighting
 - Level 5.0 Maces & Flails
 - Level 3.1 Armour
 + Level 6.2 Dodging
 - Level 0.2 Stealth
 + Level 11.4 Unarmed Combat
 - Level 5.0 Evocations


You had 11 spell levels left.
You didn't know any spells.

Dungeon Overview and Level Annotations

Branches:
Dungeon (10/15)            Temple (0/1) D:6            Lair (3/6) D:10
    Orc (0/2) D:9
  Swamp: Lair:2-4    Shoals: Lair:2-4     Snake: Lair:2-4    Spider: Lair:2-4

Altars:
Dithmenos
Gozag
Hepliaklqana
Kikubaaqudgha
Makhleb
Qazlal
Trog
Uskayaw
Vehumet

Shops:
D:9 **(=*


Innate Abilities, Weirdness & Mutations

You are too large for most types of armour.
You have claws for hands.
Your metabolism is lightning-fast.
You like to eat raw meat.
Your natural rate of healing is unusually fast.
You are covered in fur. (AC +1)
You have very tough skin. (AC +2)


Message History

You scratch the basilisk.
The basilisk is lightly wounded.
The komodo dragon bites you but does no damage.
The basilisk bites you!
You barely miss the komodo dragon. The komodo dragon closely misses you.
The basilisk gazes at you. You resist with almost no effort.
You closely miss the komodo dragon. The komodo dragon barely misses you.
You completely miss the komodo dragon.
The basilisk bites you but does no damage.
You claw the komodo dragon!
The komodo dragon is lightly wounded.
The komodo dragon bites you!!
* * * LOW HITPOINT WARNING * * *
The basilisk bites you!!
* * * LOW HITPOINT WARNING * * *
You closely miss the komodo dragon.
The komodo dragon is lightly wounded.
The komodo dragon bites you!!
You die...

....## ...P# #### .>.##########
### #..# ...#.#.##...# ###.#
##########.. ........#...###...##
#.##P##.##..
.....#............P###.#.........
...#....#.........###....P......#
...................#...#.......##
.........##.....@.>...........###
..........#.....ll............#
##...........................##
.#.#......................####
..###....#...................#
..#......P..#...#............#
...#.P........#..............#
".....#......#.#............##
>#P.........PP..........P.#.#


You could see a komodo dragon and a basilisk.

Vanquished Creatures
  An entropy weaver (shapeshifter) (D:9)
  2 two-headed ogres (D:8)
  A tengu warrior (D:8)
  A black mamba (Lair:2)
  3 spiny frogs
  2 komodo dragons (Lair:1)
  2 trolls
  A tengu conjurer (D:8)
  The ghost of Bugaboo the Chopper, an amateur DsBe of Trog (D:5)
  2 hippogriffs
  Grinder (Sewer)
  8 blink frogs (Lair:1)
  The ghost of Sinnyil the Skirmisher, an amateur OgNe (D:4)
  11 yaks
  A human (D:8)
  A hungry ghost (D:9)
  3 hogs (D:8)
  6 water moccasins
  7 porcupines
  An ice beast (D:4)
  3 sky beasts
  A necrophage (D:7)
  An orc warrior (D:7)
  2 black bears
  5 wolves
  An eye of draining (D:9)
  A phantom (D:7)
  3 ogres
  A centaur (D:7)
  A crocodile (D:10)
  9 bullfrogs
  5 big kobolds
  A gnoll sergeant (D:10)
  A wyvern skeleton (D:10)
  A water moccasin skeleton (D:9)
  3 scorpions
  14 killer bees
  3 wights (D:6)
  8 howler monkeys
  A crimson imp (D:9)
  A quasit (Sewer)
  3 hounds
  2 jellies
  2 bullfrog skeletons
  4 orc priests
  2 iguanas
  5 orc wizards
  2 centaur skeletons
  Natasha (D:2)
  4 worker ants
  A killer bee zombie (D:10)
  3 big kobold zombies (Sewer)
  A hound zombie (D:5)
  A hound skeleton (D:7)
  3 gnolls (D:10)
  2 river rats (D:3)
  13 adders
  4 shadow imps
  4 ufetubi (Sewer)
  7 oozes
  An adder zombie (D:5)
  5 worms
  4 dart slugs
  4 leopard geckos
  29 orcs
  6 giant cockroaches
  12 goblins
  8 hobgoblins
  24 jackals
  A quokka (D:4)
  A ball python (D:1)
  7 bats
  6 frilled lizards
  36 kobolds
  3 kobold zombies (Sewer)
  11 rats
344 creatures vanquished.

Vanquished Creatures (others)
  An ooze (Sewer)
1 creature vanquished.

Grand Total: 345 creatures vanquished

Notes
Turn   | Place    | Note
-------+----------+-------------------------------------------
     0 | D:1      | CanOfBees the Troll Berserker began the quest for the Orb.
     0 | D:1      | Reached XP level 1. HP: 22/22 MP: 0/0
    99 | D:1      | Reached XP level 2. HP: 29/29 MP: 1/1
   334 | D:1      | Reached XP level 3. HP: 34/36 MP: 2/2
   443 | D:1      | Reached ** piety under Trog
  1074 | D:2      | Reached skill level 4 in Unarmed Combat
  1205 | D:2      | Found a hazy altar of Hepliaklqana.
  1258 | D:2      | Reached XP level 4. HP: 44/44 MP: 3/3
  1484 | D:2      | Noticed Natasha
  1505 | D:2      | Killed Natasha
  1862 | D:3      | Reached XP level 5. HP: 53/53 MP: 4/4
  1884 | D:3      | Reached *** piety under Trog
  1893 | D:3      | Found a glowing drain.
  1938 | Sewer    | Entered a sewer
  2214 | Sewer    | Reached skill level 5 in Unarmed Combat
  2252 | Sewer    | Found a burning altar of Makhleb.
  2269 | Sewer    | Reached XP level 6. HP: 50/61 MP: 5/5
  2297 | Sewer    | Noticed Grinder
  2303 | Sewer    | Paralysed by Grinder for 3 turns
  2311 | Sewer    | Killed Grinder
  2313 | Sewer    | Reached XP level 7. HP: 28/70 MP: 6/6
  2884 | D:3      | Reached **** piety under Trog
  3014 | D:3      | Found a hide-covered altar of Uskayaw.
  3130 | D:3      | Found a shadowy altar of Dithmenos.
  3396 | D:4      | Noticed Sinnyil's ghost (amateur OgNe)
  3409 | D:4      | Killed Sinnyil's ghost
  3409 | D:4      | Reached skill level 6 in Unarmed Combat
  3565 | D:4      | Reached skill level 1 in Maces & Flails
  3565 | D:4      | Reached skill level 1 in Evocations
  3565 | D:4      | Reached XP level 8. HP: 59/79 MP: 7/7
  3713 | D:4      | Reached skill level 5 in Dodging
  4209 | D:5      | Entered Level 5 of the Dungeon
  4239 | D:5      | Received a gift from Trog
  4283 | D:5      | Reached skill level 5 in Fighting
  4461 | D:5      | Noticed Bugaboo's ghost (amateur DsBe)
  4469 | D:5      | Killed Bugaboo's ghost
  4469 | D:5      | Reached skill level 7 in Unarmed Combat
  4588 | D:5      | Got a scorched ivory amulet
  4979 | D:6      | Found a staircase to the Ecumenical Temple.
  5220 | D:6      | Reached XP level 9. HP: 87/89 MP: 9/9
  5231 | D:6      | Reached ***** piety under Trog
  5320 | D:6      | Found a radiant altar of Vehumet.
  5595 | D:6      | Identified the amulet "Noed Ina" {RegenMP MR+ Str-5 Dex+8} (You took it off an orc priest on level 5 of the Dungeon)
  5725 | D:7      | Found a bloodstained altar of Trog.
  5783 | D:7      | Reached skill level 8 in Unarmed Combat
  5951 | D:7      | Found a burning altar of Makhleb.
  6272 | D:7      | Found an opulent altar of Gozag.
  6272 | D:7      | Found a stormy altar of Qazlal.
  7279 | D:8      | Noticed a tengu warrior
  7281 | D:8      | Noticed a tengu conjurer
  7295 | D:8      | Killed a tengu warrior
  7295 | D:8      | Reached skill level 9 in Unarmed Combat
  7295 | D:8      | Reached XP level 10. HP: 57/102 MP: 11/11
  7411 | D:8      | Noticed a two-headed ogre
  7419 | D:8      | Killed a two-headed ogre
  7449 | D:8      | Reached skill level 1 in Armour
  7589 | D:8      | Noticed a two-headed ogre
  7597 | D:8      | Killed a two-headed ogre
  7982 | D:9      | Reached skill level 10 in Unarmed Combat
  8018 | D:9      | Received a gift from Trog
  8038 | D:9      | Reached skill level 5 in Maces & Flails
  8242 | D:9      | Found Xuhint's General Store.
  8245 | D:9      | Noticed a queen ant
  8249 | D:9      | Noticed an entropy weaver
  8249 | D:9      | a queen ant changed into an entropy weaver
  8252 | D:9      | Killed an entropy weaver
  8252 | D:9      | Reached XP level 11. HP: 96/111 MP: 13/13
  8267 | D:9      | Bought a scroll of identify for 26 gold pieces
  8267 | D:9      | Bought a scroll of summoning for 123 gold pieces
  8267 | D:9      | Bought a potion of ambrosia for 104 gold pieces
  8267 | D:9      | Bought a scroll of teleportation for 39 gold pieces
  8278 | D:9      | Found an ancient bone altar of Kikubaaqudgha.
  8570 | D:9      | Found a staircase to the Orcish Mines.
  8616 | D:9      | Found Sauhutua's General Store.
  8621 | D:9      | Bought a potion of curing for 36 gold pieces
  8621 | D:9      | Bought a scroll of identify for 24 gold pieces
  8776 | D:9      | Found Qubivy's Antique Weapon Shop.
  8792 | D:9      | Found Pularud Jank's General Store.
  8796 | D:9      | Found Fyhucage's Jewellery Shoppe.
  9001 | D:10     | Entered Level 10 of the Dungeon
  9136 | D:10     | Found a staircase to the Lair.
  9447 | D:10     | Reached skill level 5 in Evocations
 10021 | Lair:1   | Entered Level 1 of the Lair of Beasts
 10405 | Lair:1   | Received a gift from Trog
 10405 | Lair:1   | Reached skill level 11 in Unarmed Combat
 11339 | Lair:2   | Found the +0 sword of Power
 11891 | Lair:2   | Reached XP level 12. HP: 99/126 MP: 14/14
 11989 | Lair:2   | Reached skill level 10 in Fighting
 12229 | Lair:2   | Mangled by a komodo dragon

Vault maps used:
D:1:      dpeg_arrival_arbitrary_b, minmay_pentomino_t4
D:2:      marbit_many_paths, minmay_vboxes, uniq_natasha
D:3:      lemuel_doored_altar, grunt_dithmenos_smoke, first_ration,
          lightli_sewer_entry_pipes
D:5:      minmay_liquid_box
D:6:      lemuel_coloured_pillars_altar, temple_statues
D:7:      old_standard_altar, makhleb_blood_cavern_becter,
          gammafunk_temple_overflow_wave
D:8:      grunt_livestock, minmay_misc_feat_pillars
D:9:      kiku_gazebo_pond_becter, orc_0_dummy, serial_shops,
          nicolae_shop_competitors_out_of_business, nicolae_shop_trees,
          nicolae_shop_crystal, kennysheep_mini, shop
D:10:     due_lair_maze_entry_diamond
Lair:3:   beast_lair_carwin_large_1, guppyfry_snake_entry_garden,
          wad_woods_river_01
Sewer:    kennysheep_sewer_church

Skill      XL: |  1  2  3  4  5  6  7  8  9 10 11 12 |
---------------+-------------------------------------+-----
Unarmed Combat | 4 5 6 7 9 10 11 | 11.4
Dodging        | 3 4 5 6 |  6.2
Fighting       | 3 4 5 7 8 9 10 | 10.1
Maces & Flails | 1 2 4 5 |  5.0
Evocations     | 1 2 3 4 5 |  5.0
Armour         | 3 |  3.1
Stealth        | |  0.2

Action                   |  1- 3 |  4- 6 |  7- 9 | 10-12 || total
-------------------------+-------+-------+-------+-------++-------
Melee: Unarmed           |   101 |   142 |   331 |   416 ||   990
       Punch             |     1 |     4 |    17 |    18 ||    40
       Mace              |       |       |     9 |       ||     9
 Fire: Hunting sling     |       |       |     5 |       ||     5
Throw: Javelin           |     3 |       |    23 |    18 ||    44
       Tomahawk          |       |       |       |   129 ||   129
Invok: Trog's Hand       |       |       |     1 |       ||     1
       Berserk           |       |       |       |     1 ||     1
Evoke: Wand              |       |       |     4 |     3 ||     7
  Use: Potion            |       |     2 |     4 |     2 ||     8
       Scroll            |       |       |     6 |     5 ||    11
 Stab: Sleeping          |     1 |     3 |     9 |     2 ||    15
  Eat: Chunk             |    17 |     9 |    38 |    57 ||   121
       Ration            |       |       |       |     2 ||     2
Armor: Animal skin       |    44 |    74 |    61 |       ||   179
       Robe              |       |       |    74 |    98 ||   172
Dodge: Dodged            |    57 |   118 |   228 |   253 ||   656

Table legend:
 A = Spawn XP
 B = Non-spawn XP
 C = Spawn XP percentage of total XP
 D = Spawn monster count
 E = Non-spawn monster count
 F = Spawn count percentage of total count
 G = Total turns spent on level
                    A         B        C        D         E        F      G
               +---------+---------+-------+---------+---------+-------+---------
         Total |       0 |   23254 |   0.0 |       0 |     344 |   0.0 | 12229
               +---------+---------+-------+---------+---------+-------+---------
           D:1 |       0 |      58 |   0.0 |       0 |      29 |   0.0 |   857
           D:2 |       0 |     113 |   0.0 |       0 |      25 |   0.0 |   935
           D:3 |       0 |     192 |   0.0 |       0 |      37 |   0.0 |   773
           D:4 |       0 |     717 |   0.0 |       0 |      23 |   0.0 |   840
           D:5 |       0 |     636 |   0.0 |       0 |      14 |   0.0 |   510
           D:6 |       0 |     619 |   0.0 |       0 |      21 |   0.0 |   878
           D:7 |       0 |    1367 |   0.0 |       0 |      19 |   0.0 |  1254
           D:8 |       0 |    4805 |   0.0 |       0 |      26 |   0.0 |  1086
           D:9 |       0 |    2858 |   0.0 |       0 |      33 |   0.0 |  1064
          D:10 |       0 |    2651 |   0.0 |       0 |      42 |   0.0 |  1020
        Lair:1 |       0 |    3646 |   0.0 |       0 |      14 |   0.0 |  1010
        Lair:2 |       0 |    4148 |   0.0 |       0 |      20 |   0.0 |  1122
        Lair:3 |       0 |     773 |   0.0 |       0 |       5 |   0.0 |    76
         Sewer |       0 |     671 |   0.0 |       0 |      36 |   0.0 |   804
               +---------+---------+-------+---------+---------+-------+---------
